 Dungeon Sprint DCSS version 0.22-a0-181-gb22368a (console) character file.

32173 removed the Commander (level 13, -5/112 HPs)
             Began as a Gnoll Wanderer on Feb 14, 2018.
             Was a High Priest of Okawaru.
             Killed from afar by a frost giant (53 damage)
             ... with a bolt of cold
             ... in the Dungeon (Sprint IX: "|||||||||||||||||||||||||||||").
             The game lasted 00:12:41 (6642 turns).

removed the Commander (Gnoll Wanderer)              Turns: 6642, Time: 00:12:43

Health: -5/112     AC: 15    Str: 14    XL:     13   Next: 62%
Magic:  28/30      EV: 26    Int: 14    God:    Okawaru [*****.]
Gold:   1198       SH:  0    Dex: 24    Spells: 38/38 levels left

rFire    . . .     SeeInvis .   s - +8 quarterstaff (distort)
rCold    . . .     Gourm    .   (shield currently unavailable)
rNeg     . . .     Faith    .   P - +0 acid dragon scales
rPois    +         Spirit   .   (no helmet)
rElec    .         Reflect  .   Q - +1 cloak {rPois}
rCorr    +         Harm     .   E - +0 pair of gloves
MR       .....     NoTele   +   D - +0 pair of boots
Stlth    ++++++....             (no amulet)
HPRegen  0.28/turn              t - +2 ring of evasion
MPRegen  0.22/turn              u - +3 ring of dexterity

@: no status effects
A: distributed training, fangs 1, strong nose
a: Heroism, Finesse, Renounce Religion


You were in the Dungeon.
You worshipped Okawaru.
Okawaru was extremely pleased with you.
You were very hungry.

You visited 1 branch You collected 1674 gold pieces.
You spent 476 gold pieces at shops.

Inventory:

Hand Weapons
 a - a +2 quarterstaff
 l - a +0 short sword of venom
 s - a +8 quarterstaff of distortion (weapon)
Missiles
 J - a throwing net (quivered)
Armour
 d - a +0 robe
 r - a +0 cloak
 v - a +0 cloak
 w - a +1 scale mail
 D - a +0 pair of boots (worn)
 E - a +0 pair of gloves (worn)
 G - a +0 plate armour
 H - the +0 plate armour of Fianaahe {MR- rCorr Str+5}
   (You bought it in a shop in the Dungeon)

   It affects your strength (+5).
   It affects your resistance to hostile enchantments.
   It protects you from acid and corrosion.
 O - a +1 cloak
 P - +0 acid dragon scales (worn)
 Q - a +1 cloak of poison resistance (worn)
Jewellery
 t - a +2 ring of evasion (left hand)
 u - a +3 ring of dexterity (right hand)
 K - an uncursed ring of ice
 L - an uncursed ring of protection from cold
Wands
 q - a wand of iceblast (3)
 C - a wand of disintegration (8)
Scrolls
 b - a scroll of teleportation
 k - 2 scrolls of blinking
 o - 5 scrolls of remove curse
 p - 2 scrolls of amnesia
 y - 2 scrolls of identify
 A - 2 scrolls of fog
Potions
 h - a potion of haste
 i - 4 potions of magic
 j - 2 potions of might
 m - 3 potions of heal wounds
 n - 6 potions of curing
 x - 4 potions of mutation
 M - a potion of brilliance
Comestibles
 f - 9 rations


   Skills:
 + Level 13.7 Fighting
 + Level 13.0 Short Blades
 + Level 13.0 Long Blades
 + Level 13.0 Axes
 + Level 13.0 Maces & Flails
 + Level 13.0 Polearms
 + Level 13.7 Staves
 + Level 13.0 Slings
 + Level 13.2 Bows
 + Level 13.0 Crossbows
 + Level 13.0 Throwing
 + Level 13.2 Armour
 + Level 13.7 Dodging
 + Level 13.0 Stealth
 + Level 13.2 Shields
 + Level 13.0 Unarmed Combat
 + Level 13.0 Spellcasting
 + Level 11.2 Conjurations
 + Level 11.2 Hexes
 + Level 11.2 Charms
 + Level 11.2 Summonings
 + Level 11.2 Necromancy
 + Level 11.2 Translocations
 + Level 11.2 Transmutations
 + Level 11.2 Fire Magic
 + Level 11.2 Ice Magic
 + Level 11.2 Air Magic
 + Level 11.2 Earth Magic
 + Level 11.2 Poison Magic
 + Level 14.0 Invocations
 + Level 13.2 Evocations


You had 38 spell levels left.
You didn't know any spells.

Dungeon Overview and Level Annotations

Branches:
Dungeon (1/1)

Altars:
Cheibriados
Dithmenos
Elyvilon
Fedhas
Gozag
Hepliaklqana
Kikubaaqudgha
Makhleb
Nemelex Xobeh
Okawaru
Qazlal
Ru
Sif Muna
Trog
Uskayaw
Vehumet
Wu Jian
Xom
Yredelemnul
Zin
The Shining One
Beogh
Jiyva
Lugonu

Shops:
D [:([


Innate Abilities, Weirdness & Mutations

Your experience applies equally to all skills.
You have very sharp teeth.
Your uncanny sense of smell can sniff out nearby items.


Message History

You sock the ice dragon!
The ice dragon is almost dead.
The ice dragon blinks!
Unknown command.
You hit the ice dragon.
You kill the ice dragon!
Okawaru accepts your kill.
Your life force feels restored.
A wizard comes into view. It is wielding a dagger.
The wizard shouts!
You sock the frost giant!
The frost giant is lightly wounded.
The spriggan berserker utters an invocation to Trog.
The elephant goes berserk!
The frost giant completely misses you.
You hit the frost giant.
Space bends around the frost giant.
The frost giant is lightly wounded.
The frost giant casts a spell at you.
The bolt of cold hits the frost giant.
The frost giant resists.
The bolt of cold hits you!
You die...

▓.▓.▓.▓.▓.▓.▓.▓.
▓p▓.▓.▓.▓[▓.▓.▓.▓.
▓T▓.▓)▓.▓[▓.▓)▓.▓.
∆
▓Y▓.▓(▓.▓.▓.▓'▓.▓.
∆
▓u▓.▓.▓.▓[▓.▓.▓.▓.
∆
▓i▓.▓(▓.▓[▓.▓.▓.▓.
∆
▓C▓.♣.♣.▓[▓.▓.▓.▓.
∆
▓C▓.♣.♣.▓.▓.▓.▓.▓.
∆
▓@▓.♣.♣.▓)▓.▓.▓.▓.
▓)▓.♣(♣.▓)▓.▓.▓.▓'
▓)▓.♣.♣.▓)▓.▓.▓.▓.
▓.▓.♣.♣.▓)▓.▓.▓.▓.
▓.▓.♣.♣.▓)▓.▓.▓.▓.
∆
▓'▓.♣.♣.▓)▓.▓.▓.▓.
∆
▓.▓.♣.♣.▓)▓.▓)▓.▓.
∆
▓.▓.♣'♣.▓)▓.▓)▓.▓.
∆
▓.▓.▓.▓.▓.▓.▓)▓.▓.


You could see 2 frost giants, an elephant (berserk), a green ugly thing, a
spriggan berserker, a deep troll shaman and a wizard.

Vanquished Creatures
  A fire giant (D)
  A frost giant (D)
  A very ugly thing (D)
  An ettin (D)
  Josephine (D)
  A great orb of eyes (D)
  Erolcha (D)
  Harold (D)
  An ice dragon (D)
  A hydra (D)
  A naga warrior (D)
  A two-headed ogre (D)
  A merfolk aquamancer (D)
  An orc high priest (D)
  A naga sharpshooter (D)
  Sonja (D)
  A shock serpent (D)
  A hell knight (D)
  A sea snake (D)
  An unseen horror (D)
  A glowing orange brain (D)
  An orc knight (D)
  4 orc sorcerers (D)
  A naga mage (D)
  3 black mambas (D)
  A water nymph (D)
  A spiny frog (D)
  A rime drake (D)
  2 yaktaurs (D)
  A komodo dragon (D)
  3 merfolk (D)
  2 hornets (D)
  A jumping spider (shapeshifter) (D)
  A hippogriff (D)
  A jumping spider (D)
  A tarantella (D)
  4 wraiths (D)
  2 vampire mosquitoes (D)
  A warg (D)
  A hell hound (D)
  A water moccasin (D)
  3 porcupines (D)
  11 orc warriors (D)
  A swamp drake (D)
  An ogre (D)
  4 wolves (D)
  A crocodile (D)
  3 bullfrogs (D)
  A scorpion (D)
  A howler monkey (D)
  A crimson imp (D)
  4 orc priests (D)
  2 jellies (D)
  5 orc wizards (D)
  An adder zombie (D)
  7 orcs (D)
  A giant cockroach (D)
  A goblin (D)
  A hobgoblin (D)
  A ball python zombie (D)
  A kobold (D)
  A rat (D)
106 creatures vanquished.

Vanquished Creatures (others)
  A tengu reaver (D)
  A nagaraja (D)
  A thorn hunter (D)
  A fire giant (D)
  A merfolk avatar (D)
  A centaur warrior (D)
  An alligator (D)
  An orc knight (D)
  2 ugly things (D)
  A demonic crawler (D)
  A bog body (D)
  A yak (D)
  A spriggan (D)
  An orc warrior (D)
  2 crocodiles (D)
  A bullfrog (D)
  An orc wizard (D)
  An iguana (D)
20 creatures vanquished.

Grand Total: 126 creatures vanquished

Notes
Turn   | Place    | Note
-------+----------+-------------------------------------------
     0 | D        | removed the Gnoll Wanderer began the quest for the Orb.
     0 | D        | removed set off with: a +2 quarterstaff, a scroll of teleportation, a potion of lignification, a +0 robe, a potion of curing, a ration, a potion of heal wounds, a potion of haste, 2 potions of magic, a potion of berserk rage, a scroll of blinking
     0 | D        | Reached XP level 1. HP: 20/20 MP: 2/2
    13 | D        | Reached skill level 1 in Invocations
   137 | D        | Noticed a crimson imp
   137 | D        | Noticed a jelly
   137 | D        | Noticed a scorpion
   137 | D        | Noticed an ogre
   141 | D        | Killed an ogre
   141 | D        | Reached skill level 5 in Fighting
   141 | D        | Reached skill level 5 in Staves
   141 | D        | Reached skill level 5 in Dodging
   141 | D        | Reached skill level 3 in Invocations
   141 | D        | Reached XP level 2. HP: 11/27 MP: 2/5
   141 | D        | Reached XP level 3. HP: 14/33 MP: 2/7
   141 | D        | Reached XP level 4. HP: 16/39 MP: 2/8
   143 | D        | Reached XP level 5. HP: 20/46 MP: 2/9
   173 | D        | Reached skill level 4 in Invocations
   195 | D        | Found a roughly hewn altar of Beogh.
   195 | D        | Found a snail-covered altar of Cheibriados.
   195 | D        | Found a shadowy altar of Dithmenos.
   195 | D        | Found a white marble altar of Elyvilon.
   195 | D        | Found a blossoming altar of Fedhas.
   195 | D        | Found an opulent altar of Gozag.
   196 | D        | Found a hazy altar of Hepliaklqana.
   197 | D        | Found a viscous altar of Jiyva.
   198 | D        | Found an ancient bone altar of Kikubaaqudgha.
   199 | D        | Found a corrupted altar of Lugonu.
   200 | D        | Found a burning altar of Makhleb.
   201 | D        | Found a sparkling altar of Nemelex Xobeh.
   202 | D        | Found an iron altar of Okawaru.
   203 | D        | Found a stormy altar of Qazlal.
   206 | D        | Found a sacrificial altar of Ru.
   207 | D        | Found a deep blue altar of Sif Muna.
   208 | D        | Found a bloodstained altar of Trog.
   209 | D        | Found a hide-covered altar of Uskayaw.
   210 | D        | Found a radiant altar of Vehumet.
   211 | D        | Found an ornate altar of the Wu Jian Council.
   212 | D        | Became a worshipper of Warmaster Okawaru
   213 | D        | Found a shimmering altar of Xom.
   214 | D        | Found a basalt altar of Yredelemnul.
   215 | D        | Found a glowing silver altar of Zin.
   216 | D        | Found a glowing golden altar of the Shining One.
   286 | D        | Noticed an orc warrior
   286 | D        | Noticed a crocodile
   289 | D        | Killed a crocodile
   289 | D        | Reached skill level 5 in Bows
   289 | D        | Reached skill level 5 in Armour
   289 | D        | Reached skill level 5 in Shields
   289 | D        | Reached skill level 5 in Evocations
   289 | D        | Reached XP level 6. HP: 53/53 MP: 10/12
   299 | D        | Banished an orc warrior
   299 | D        | Reached skill level 5 in Invocations
   319 | D        | Noticed a cyan ugly thing
   319 | D        | Noticed a centaur warrior
   323 | D        | Banished a centaur warrior
   323 | D        | Reached skill level 5 in Short Blades
   323 | D        | Reached skill level 5 in Long Blades
   323 | D        | Reached skill level 5 in Axes
   323 | D        | Reached skill level 5 in Maces & Flails
   323 | D        | Reached skill level 5 in Polearms
   323 | D        | Reached skill level 5 in Slings
   323 | D        | Reached skill level 5 in Crossbows
   323 | D        | Reached skill level 5 in Throwing
   323 | D        | Reached skill level 5 in Stealth
   323 | D        | Reached skill level 5 in Unarmed Combat
   323 | D        | Reached skill level 5 in Spellcasting
   323 | D        | Reached skill level 6 in Invocations
   323 | D        | Reached XP level 7. HP: 39/60 MP: 13/15
   336 | D        | Banished a cyan ugly thing
   336 | D        | Reached skill level 5 in Conjurations
   336 | D        | Reached skill level 5 in Hexes
   336 | D        | Reached skill level 5 in Charms
   336 | D        | Reached skill level 5 in Summonings
   336 | D        | Reached skill level 5 in Necromancy
   336 | D        | Reached skill level 5 in Translocations
   336 | D        | Reached skill level 5 in Transmutations
   336 | D        | Reached skill level 5 in Fire Magic
   336 | D        | Reached skill level 5 in Ice Magic
   336 | D        | Reached skill level 5 in Air Magic
   336 | D        | Reached skill level 5 in Earth Magic
   336 | D        | Reached skill level 5 in Poison Magic
   336 | D        | Reached XP level 8. HP: 24/68 MP: 14/17
   341 | D        | Reached skill level 7 in Invocations
   706 | D        | Noticed a hippogriff
   706 | D        | Noticed a komodo dragon
   706 | D        | Noticed a rime drake
   706 | D        | Noticed a spiny frog
   708 | D        | Killed a spiny frog
   708 | D        | Reached * piety under Okawaru
   709 | D        | Noticed a yak
   712 | D        | Noticed a hippogriff
   718 | D        | Killed a rime drake
   718 | D        | Reached ** piety under Okawaru
   718 | D        | Reached XP level 9. HP: 45/75 MP: 19/19
   821 | D        | Killed a komodo dragon
   821 | D        | Reached skill level 8 in Invocations
  1475 | D        | Noticed a spiny frog
  1586 | D        | Reached *** piety under Okawaru
  1589 | D        | Reached XP level 10. HP: 68/83 MP: 22/22
  1594 | D        | Reached skill level 9 in Invocations
  2188 | D        | Noticed an orc knight
  2319 | D        | Banished an orc knight
  2325 | D        | Noticed an orc knight
  2342 | D        | Killed an orc knight
  2342 | D        | Reached skill level 10 in Fighting
  2342 | D        | Reached skill level 10 in Staves
  2342 | D        | Reached skill level 10 in Dodging
  2522 | D        | Noticed an orc high priest
  2533 | D        | Noticed an orange demon
  2536 | D        | Killed an orc high priest
  2536 | D        | Reached **** piety under Okawaru
  2622 | D        | Found Qucef's Armour Boutique.
  2622 | D        | Noticed an orc sorcerer
  2622 | D        | Noticed an orc sorcerer
  2622 | D        | Noticed an orc sorcerer
  2623 | D        | Noticed a soul eater
  2625 | D        | Noticed a smoke demon
  2635 | D        | Reached skill level 10 in Invocations
  2637 | D        | Noticed an orange demon
  2758 | D        | Noticed a smoke demon
  2769 | D        | Killed an orc sorcerer
  2905 | D        | Noticed an orc sorcerer
  2910 | D        | Noticed a soul eater
  2923 | D        | Found Tacvek's Antique Weapon Shop.
  2927 | D        | Found Wouxt's Book Boutique.
  2929 | D        | Noticed an orc sorcerer
  2930 | D        | Found Moschal's Antique Armour Shop.
  2931 | D        | Noticed an orc sorcerer
  2932 | D        | Noticed an orc sorcerer
  2934 | D        | Noticed an orc sorcerer
  2935 | D        | Noticed an orc sorcerer
  2937 | D        | Noticed a sixfirhy
  2939 | D        | Killed an orc sorcerer
  2943 | D        | Killed an orc sorcerer
  2943 | D        | Reached XP level 11. HP: 39/92 MP: 24/24
  3138 | D        | Bought a heavily runed plate armour for 476 gold pieces
  3148 | D        | Identified the cursed +0 plate armour of Fianaahe {MR- rCorr Str+5} (You bought it in a shop in the Dungeon)
  3253 | D        | Noticed Erolcha
  3295 | D        | Noticed Harold
  3315 | D        | Killed Harold
  3315 | D        | Reached ***** piety under Okawaru
  3315 | D        | Reached skill level 10 in Bows
  3315 | D        | Reached skill level 10 in Armour
  3315 | D        | Reached skill level 10 in Shields
  3315 | D        | Reached skill level 10 in Evocations
  3674 | D        | Killed Erolcha
  3674 | D        | Received a gift from Okawaru
  3721 | D        | Got the cursed +0 plate armour of Greed {rN+ Stlth+}
  3922 | D        | Reached skill level 10 in Short Blades
  3922 | D        | Reached skill level 10 in Long Blades
  3922 | D        | Reached skill level 10 in Axes
  3922 | D        | Reached skill level 10 in Maces & Flails
  3922 | D        | Reached skill level 10 in Polearms
  3922 | D        | Reached skill level 10 in Slings
  3922 | D        | Reached skill level 10 in Crossbows
  3922 | D        | Reached skill level 10 in Throwing
  3922 | D        | Reached skill level 10 in Stealth
  3922 | D        | Reached skill level 10 in Unarmed Combat
  3922 | D        | Reached skill level 10 in Spellcasting
  3937 | D        | Killed an orc sorcerer
  4539 | D        | Noticed a two-headed ogre
  4539 | D        | Noticed a skeletal warrior
  4548 | D        | Noticed a red ugly thing
  4550 | D        | Received a gift from Okawaru
  4550 | D        | Reached skill level 11 in Invocations
  4554 | D        | Killed an unseen horror
  4560 | D        | Noticed a fire giant
  4565 | D        | Noticed a centaur warrior
  4570 | D        | Noticed an ettin
  4574 | D        | Noticed a yaktaur captain
  4578 | D        | Noticed a red very ugly thing
  4584 | D        | Killed a two-headed ogre
  4587 | D        | Banished a red ugly thing
  4595 | D        | Killed a fire giant
  4608 | D        | Killed an ettin
  4608 | D        | Reached XP level 12. HP: 69/101 MP: 23/26
  4636 | D        | Killed a red very ugly thing
  4636 | D        | Reached skill level 12 in Invocations
  4916 | D        | Noticed Josephine
  4933 | D        | Killed Josephine
  5013 | D        | Noticed a thorn hunter
  5013 | D        | Noticed a spriggan rider
  5013 | D        | Noticed an alligator
  5021 | D        | Banished an alligator
  5024 | D        | Noticed a seven-headed hydra
  5035 | D        | Banished a thorn hunter
  5047 | D        | Killed a seven-headed hydra
  5053 | D        | Reached skill level 10 in Conjurations
  5053 | D        | Reached skill level 10 in Hexes
  5053 | D        | Reached skill level 10 in Charms
  5053 | D        | Reached skill level 10 in Summonings
  5053 | D        | Reached skill level 10 in Necromancy
  5053 | D        | Reached skill level 10 in Translocations
  5053 | D        | Reached skill level 10 in Transmutations
  5053 | D        | Reached skill level 10 in Fire Magic
  5053 | D        | Reached skill level 10 in Ice Magic
  5053 | D        | Reached skill level 10 in Air Magic
  5053 | D        | Reached skill level 10 in Earth Magic
  5053 | D        | Reached skill level 10 in Poison Magic
  5285 | D        | Noticed a naga warrior
  5285 | D        | Noticed a nagaraja
  5285 | D        | Noticed a naga sharpshooter
  5286 | D        | Noticed a naga warrior
  5294 | D        | Noticed a shock serpent
  5298 | D        | Killed a naga sharpshooter
  5298 | D        | Received a gift from Okawaru
  5308 | D        | Banished a nagaraja
  5325 | D        | Killed a naga warrior
  5325 | D        | Reached skill level 13 in Invocations
  5332 | D        | Killed a shock serpent
  5332 | D        | Reached XP level 13. HP: 26/109 MP: 24/29
  5336 | D        | Received a gift from Okawaru
  5687 | D        | Noticed a merfolk impaler
  5711 | D        | Received a gift from Okawaru
  6288 | D        | Noticed an entropy weaver
  6509 | D        | Noticed Sonja
  6512 | D        | Killed Sonja
  6575 | D        | Noticed a fire giant
  6575 | D        | Noticed a frost giant
  6575 | D        | Noticed a great orb of eyes
  6578 | D        | Noticed a tengu reaver
  6583 | D        | Noticed a rakshasa
  6586 | D        | Noticed an ice dragon
  6593 | D        | Killed a frost giant
  6595 | D        | Noticed an iron dragon
  6599 | D        | Banished a fire giant
  6601 | D        | Killed a great orb of eyes
  6609 | D        | Banished a tengu reaver
  6611 | D        | Noticed a frost giant
  6617 | D        | Reached skill level 14 in Invocations
  6640 | D        | Killed an ice dragon
  6642 | D        | Killed from afar by a frost giant

Vault maps used:
D:        linesprint

Skill      XL: |  1  2  3  4  5  6  7  8  9 10 11 12 13 |
---------------+----------------------------------------+-----
Invocations    | 3 4 6 7 8 10 11 13 14 | 14.0
Fighting       | 5 6 7 8 9 10 11 12 13 | 13.7
Short Blades   | 2 3 4 5 6 7 8 9 10 12 13 | 13.0
Long Blades    | 2 3 4 5 6 7 8 9 10 12 13 | 13.0
Axes           | 2 3 4 5 6 7 8 9 10 12 13 | 13.0
Maces & Flails | 2 3 4 5 6 7 8 9 10 12 13 | 13.0
Polearms       | 2 3 4 5 6 7 8 9 10 12 13 | 13.0
Staves         | 5 6 7 8 9 10 11 12 13 | 13.7
Slings         | 2 3 4 5 6 7 8 9 10 12 13 | 13.0
Bows           | 3 4 5 6 7 8 9 11 12 13 | 13.2
Crossbows      | 2 3 4 5 6 7 8 9 10 12 13 | 13.0
Throwing       | 2 3 4 5 6 7 8 9 10 12 13 | 13.0
Armour         | 3 4 5 6 7 8 9 11 12 13 | 13.2
Dodging        | 5 6 7 8 9 10 11 12 13 | 13.7
Stealth        | 2 3 4 5 6 7 8 9 10 12 13 | 13.0
Shields        | 3 4 5 6 7 8 9 11 12 13 | 13.2
Unarmed Combat | 2 3 4 5 6 7 8 9 10 12 13 | 13.0
Spellcasting   | 2 3 4 5 6 7 8 9 10 12 13 | 13.0
Conjurations   | 2 3 4 5 6 8 9 10 11 | 11.2
Hexes          | 2 3 4 5 6 8 9 10 11 | 11.2
Charms         | 2 3 4 5 6 8 9 10 11 | 11.2
Summonings     | 2 3 4 5 6 8 9 10 11 | 11.2
Necromancy     | 2 3 4 5 6 8 9 10 11 | 11.2
Translocations | 2 3 4 5 6 8 9 10 11 | 11.2
Transmutations | 2 3 4 5 6 8 9 10 11 | 11.2
Fire Magic     | 2 3 4 5 6 8 9 10 11 | 11.2
Ice Magic      | 2 3 4 5 6 8 9 10 11 | 11.2
Air Magic      | 2 3 4 5 6 8 9 10 11 | 11.2
Earth Magic    | 2 3 4 5 6 8 9 10 11 | 11.2
Poison Magic   | 2 3 4 5 6 8 9 10 11 | 11.2
Evocations     | 3 4 5 6 7 8 9 11 12 13 | 13.2

Action                   |  1- 3 |  4- 6 |  7- 9 | 10-12 | 13-15 || total
-------------------------+-------+-------+-------+-------+-------++-------
Melee: Quarterstaff      |    17 |    39 |   107 |   335 |   147 ||   645
       Bite              |     3 |     7 |    11 |    55 |    30 ||   106
Invok: Heroism           |       |       |     1 |    10 |     3 ||    14
       Finesse           |       |       |       |     4 |     3 ||     7
Evoke: Wand              |       |       |     2 |     5 |     4 ||    11
  Use: Potion            |     2 |     2 |       |     1 |     2 ||     7
       Scroll            |       |       |     2 |     3 |       ||     5
 Stab: Sleeping          |       |       |     1 |     2 |       ||     3
       Distracted        |       |       |       |     3 |       ||     3
  Eat: Chunk             |       |       |     1 |     8 |     1 ||    10
       Ration            |       |       |       |     2 |       ||     2
Armor: Robe              |     1 |     1 |       |     1 |       ||     3
       Scale mail        |       |     2 |    17 |       |       ||    19
       Skin              |       |     1 |    12 |       |       ||    13
       Plate armour      |       |       |       |    26 |       ||    26
       Acid dragon scale |       |       |       |    14 |    15 ||    29
Dodge: Dodged            |     9 |    27 |    50 |   134 |    99 ||   319

Table legend:
 A = Spawn XP
 B = Non-spawn XP
 C = Spawn XP percentage of total XP
 D = Spawn monster count
 E = Non-spawn monster count
 F = Spawn count percentage of total count
 G = Total turns spent on level
                    A         B        C        D         E        F      G
               +---------+---------+-------+---------+---------+-------+---------
         Total |       0 |   45962 |   0.0 |       0 |     126 |   0.0 |  6642
               +---------+---------+-------+---------+---------+-------+---------
             D |       0 |   45962 |   0.0 |       0 |     126 |   0.0 |  6642
               +---------+---------+-------+---------+---------+-------+---------
